 Dungeon Crawl Stone Soup version 0.16-a0-269-gd5b6136 (webtiles) character file.

8335 Crauler the Basher (level 11, -2/120 HPs)
             Began as an Ogre Berserker on Aug 26, 2014.
             Was a High Priest of Trog.
             Slain by a killer bee (8 damage)
             ... on Level 11 of the Dungeon.
             The game lasted 00:43:53 (9529 turns).

Crauler the Basher (Ogre Berserker)                 Turns: 9529, Time: 00:43:53

HP  -2/120       AC  5     Str 27      XL: 11   Next: 29%
MP  11/11        EV 12     Int  6      God: Trog [*****.]
Gold 568         SH  0     Dex  9      Spells:  0 memorised, 10 levels left

rFire  + . .     SeeInvis .     y - +0 giant club (elec) (curse)
rCold  . . .     Clarity  .     b - +0 animal skin
rNeg   . . .     rCorr    +     (shield restricted)
rPois  .         rRot     .     (helmet restricted)
rElec  .         Spirit   .     w - +1 cloak
SustAb .         Warding  .     (gloves unavailable)
rMut   .         Stasis   .     (boots unavailable)
Gourm  .                        c - amulet of resist corrosion
MR     +....                    h - +2 ring of slaying
                                j - ring of protection from fire

@: lethally poisoned, exhausted, very slightly contaminated, slowed, very slow,
somewhat resistant to hostile enchantments, very unstealthy
A: unfitting armour, tough skin 1
a: Burn Spellbooks, Berserk, Trog's Hand, Brothers in Arms, Renounce Religion


You were on level 11 of the Dungeon.
You worshipped Trog.
Trog was extremely pleased with you.
You were hungry.

You visited 1 branch of the dungeon, and saw 11 of its levels.
You also visited: Ossuary.

You collected 568 gold pieces.

Inventory:

Hand weapons
 s - a +1 mace of protection
 y - a cursed +0 giant club of electrocution (weapon)
 z - a +0 blowgun
 J - a +0 giant spiked club of flaming
Missiles
 a - 2 large rocks
 f - 7 tomahawks
 n - 9 poisoned tomahawks (quivered)
 p - 46 poisoned needles
 A - 3 tomahawks of returning
 C - 7 needles of paralysis
 G - 2 silver tomahawks
Armour
 b - a +0 animal skin (worn)
 w - a +1 cloak (worn)
Magical devices
 d - a wand of fire (6)
Comestibles
 g - 19 fruits
 i - 3 royal jellies
 m - a meat ration
 q - 2 chunks of giant frog flesh
 r - 4 bread rations
Scrolls
 e - 8 scrolls of remove curse
 k - 5 scrolls of magic mapping
 o - 10 scrolls of identify
 t - 2 scrolls of enchant armour
 v - 3 scrolls of immolation
Jewellery
 c - an amulet of resist corrosion (around neck)
 h - a +2 ring of slaying (right hand)
 j - a ring of protection from fire (left hand)
Potions
 l - a potion of flight
 u - a potion of haste
Books
 D - a book of Fire

   Spells                             Type                      Level
   Ignite Poison                      Fire/Transmutation           5
   Fireball                           Conjuration/Fire             5
   Bolt of Fire                       Conjuration/Fire             6
   Delayed Fireball                   Conjuration/Fire             7
   Ring of Flames                     Charms/Fire                  7
   Trog disapproves of the use of such an item.
 H - a book of Unlife

   Spells                             Type                      Level
   Recall                             Summoning/Translocation      3
   Animate Dead                       Necromancy                   4
   Control Undead                     Necromancy                   4
   Twisted Resurrection               Necromancy                   5
   Death Channel                      Necromancy                   6
   Simulacrum                         Ice/Necromancy               6
   Trog disapproves of the use of such an item.


   Skills:
 + Level 11.0 Fighting
 + Level 11.5 Maces & Flails
 + Level 10.5 Throwing
 + Level 8.2 Dodging


You had 10 spell levels left.
You didn't know any spells.

Dungeon Overview and Level Annotations

Branches:
Dungeon (11/15)            Temple (0/1) D:7             Orc (0/4) D:10
   Lair (0/8) D:8

Altars:
Elyvilon
Fedhas
Kikubaaqudgha
Okawaru
Qazlal
Xom
The Shining One

Shops:
D:6 %

Annotations:
D:8 Psyche


Innate Abilities, Weirdness & Mutations

You are too large for most types of armour.
You have tough skin (AC +1).


Message History

You feel sick.
You miss the killer bee.
You feel sick. The killer bee stings you.
* * * LOW HITPOINT WARNING * * *
You are more poisoned.
The killer bee poisons you! The killer bee barely misses you.
The killer bee misses you.
You barely miss the killer bee.
You feel sick. The killer bee stings you.
* * * LOW HITPOINT WARNING * * *
The killer bee barely misses you. The killer bee stings you.
* * * LOW HITPOINT WARNING * * *
You are lethally poisoned!
The killer bee poisons you!
Unknown command.
Drink which item? (? for menu, Esc to quit)
Okay, then.
You miss the killer bee.
* * * LOW HITPOINT WARNING * * *
You feel very sick. The killer bee completely misses you.
The killer bee stings you!
You die...

#........#
........#
........#
.......P#
......(#
##..#.#
##.#y# #y#
#@# #...#
##..# #.>#
##.# #.#
#.# #.#
#.#


You could see an active ballistomycete and 2 killer bees.

Vanquished Creatures
  Harold (D:11)
  A cyclops (D:11)
  Maurice (D:8)
  Joseph (D:8)
  4 wandering mushrooms (D:10)
  A hippogriff (D:8)
  A hungry ghost (D:7)
  2 wraiths
  A soldier ant (D:10)
  A water moccasin (D:10)
  2 orc warriors (D:8)
  A black bear (D:6)
  3 sky beasts
  2 yellow wasps (D:9)
  3 ogres
  2 ice beasts
  4 phantoms
  2 centaurs
  Blork the orc (D:8)
  A gnoll sergeant (D:9)
  6 elf zombies
  6 giant frogs
  2 scorpions
  A troll zombie (D:8)
  A hippogriff zombie (D:5)
  7 killer bees
  2 oklob saplings (D:10)
  5 wights (D:8)
  5 crimson imps
  5 hounds
  A giant frog zombie (D:9)
  A centaur zombie (Ossuary)
  A black bear zombie (D:9)
  4 orc priests
  3 goliath beetles
  A human zombie (Ossuary)
  A centaur skeleton (D:7)
  A giant frog skeleton (D:8)
  8 worker ants
  Natasha (twice) (D:4)
  4 orc wizards
  An iguana (D:8)
  2 ogre skeletons
  3 mummies
  6 gnolls
  7 adders
  A shadow imp (D:5)
  A giant mite (D:4)
  2 worms
  An adder zombie (Ossuary)
  An adder skeleton (D:6)
  2 orc skeletons
  An ooze (D:3)
  35 orcs
  15 bats
  7 giant cockroaches
  15 hobgoblins
  8 jackals
  11 kobolds
  5 quokkas
  3 ball pythons
  4 giant geckos
  7 giant newts
  A giant newt skeleton (D:4)
  A giant spore (D:11)
  9 goblins
  A goblin zombie (Ossuary)
  6 hobgoblin zombies (Ossuary)
  8 kobold zombies (Ossuary)
  15 orc zombies
  19 rats
  A rat skeleton (D:6)
  A rat zombie (Ossuary)
302 creatures vanquished.

Vanquished Creatures (collateral kills)
  An elephant (D:8)
  2 crocodiles (D:8)
  A goliath beetle (D:8)
  A gnoll shaman (D:8)
  An orc wizard (D:8)
  2 gnolls (D:8)
  A giant mite (D:8)
9 creatures vanquished.

Grand Total: 311 creatures vanquished

Notes
Turn   | Place    | Note
--------------------------------------------------------------
     0 | D:1      | Crauler, the Ogre Berserker, began the quest for the Orb.
     0 | D:1      | Reached XP level 1. HP: 24/24 MP: 1/1
   135 | D:1      | Reached XP level 2. HP: 25/32 MP: 2/2
   323 | D:1      | Reached skill level 1 in Throwing
   492 | D:1      | Reached XP level 3. HP: 18/39 MP: 3/3
   493 | D:1      | Acquired Trog's second power
   702 | D:2      | Found a blossoming altar of Fedhas.
  1265 | D:3      | Reached XP level 4. HP: 26/49 MP: 4/4
  1646 | D:3      | Reached skill level 5 in Maces & Flails
  2243 | D:4      | Reached XP level 5. HP: 50/55 MP: 5/5
  2299 | D:4      | Found a stormy altar of Qazlal.
  2299 | D:4      | Found a shimmering altar of Xom.
  2300 | D:4      | Found an iron altar of Okawaru.
  2312 | D:4      | Found a glowing golden altar of the Shining One.
  2420 | D:4      | Noticed Natasha
  2433 | D:4      | Reached skill level 5 in Fighting
  2433 | D:4      | Reached XP level 6. HP: 66/66 MP: 6/6
  2700 | D:4      | Noticed an ogre
  2762 | D:4      | Killed Natasha
  2807 | D:4      | Killed an ogre
  2807 | D:4      | Reached XP level 7. HP: 72/72 MP: 7/7
  2889 | D:4      | Noticed Natasha
  2907 | D:4      | Killed Natasha
  2950 | D:4      | Reached skill level 6 in Maces & Flails
  2988 | D:5      | Entered Level 5 of the Dungeon
  3086 | D:5      | Reached skill level 5 in Throwing
  3122 | D:5      | Found a sand-covered staircase.
  3148 | D:5      | Acquired Trog's third power
  3154 | Ossuary  | Entered an ossuary
  3529 | Ossuary  | Reached XP level 8. HP: 52/83 MP: 8/8
  3740 | Ossuary  | Reached skill level 7 in Maces & Flails
  3952 | D:5      | Found a white marble altar of Elyvilon.
  4095 | D:5      | Reached skill level 5 in Dodging
  4648 | D:6      | Found Oqiudaupp's Food Boutique.
  4779 | D:6      | Reached XP level 9. HP: 23/93 MP: 9/9
  4872 | D:6      | Reached skill level 8 in Maces & Flails
  5181 | D:7      | Received a gift from Trog
  5781 | D:7      | Found a staircase to the Ecumenical Temple.
  6168 | D:8      | Reached skill level 9 in Maces & Flails
  6190 | D:8      | Received a gift from Trog
  6199 | D:8      | Noticed Psyche
  6310 | D:8      | Found an ancient bone altar of Kikubaaqudgha.
  6347 | D:8      | Noticed Maurice
  6387 | D:8      | Noticed an elephant
  6391 | D:8      | Killed an elephant
  6954 | D:8      | Reached XP level 10. HP: 90/107 MP: 10/10
  7006 | D:8      | Noticed Joseph
  7042 | D:8      | Killed Joseph
  7045 | D:8      | Killed Maurice
  7045 | D:8      | Reached skill level 10 in Maces & Flails
  7278 | D:8      | Noticed Blork the orc
  7281 | D:8      | Killed Blork the orc
  7338 | D:8      | Found a staircase to the Lair.
  7952 | D:9      | Reached skill level 10 in Fighting
  8150 | D:9      | Paralysed by a yellow wasp for 2 turns
  8158 | D:9      | HP: 8/165 [poisoned by a yellow wasp]
  8693 | D:10     | Entered Level 10 of the Dungeon
  8850 | D:10     | Found a staircase to the Orcish Mines.
  8871 | D:10     | Reached skill level 10 in Throwing
  8948 | D:10     | Reached skill level 11 in Maces & Flails
  9057 | D:10     | Reached XP level 11. HP: 110/119 MP: 11/11
  9220 | D:10     | Found a blossoming altar of Fedhas.
  9370 | D:11     | Received a gift from Trog
  9488 | D:11     | Noticed Harold
  9503 | D:11     | Killed Harold
  9529 | D:11     | HP: 6/120 [poisoned by a killer bee]
  9529 | D:11     | Slain by a killer bee

Action                   |  1- 3 |  4- 6 |  7- 9 | 10-12 || total
-------------------------+-------+-------+-------+-------++-------
Melee: Mace              |   140 |   158 |   592 |    45 ||   935
       Giant club        |       |       |       |   163 ||   163
 Fire: Blowgun           |       |       |     5 |     6 ||    11
Throw: Tomahawk          |       |       |     8 |    15 ||    23
Invok: Berserk           |     2 |     2 |     7 |     4 ||    15
       Trog's Hand       |       |       |     3 |       ||     3
       Brothers in Arms  |       |       |     1 |       ||     1
Evoke: Wand              |     1 |       |     1 |     1 ||     3
  Use: Scroll            |       |       |    15 |     3 ||    18
       Potion            |       |       |     5 |     3 ||     8
 Stab: Paralysed         |       |       |       |     1 ||     1
  Eat: Meat ration       |     1 |       |       |       ||     1
       Chunk             |       |     4 |    19 |     8 ||    31
       Bread ration      |       |       |     1 |       ||     1
       Pizza             |       |       |       |     2 ||     2
       Fruit             |       |       |       |     2 ||     2
